 Dungeon Crawl Stone Soup version 0.20.1-1-g8b1a95d (webtiles) character file.

94 GenChuck the Conjurer (level 4, -7/21 HPs)
             Began as a Spriggan Conjurer on Nov 3, 2017.
             Killed from afar by Natasha (11 damage)
             ... with a magic dart
             ... on level 2 of the Dungeon on Nov 4, 2017.
             The game lasted 00:31:28 (3319 turns).

GenChuck the Conjurer (Spriggan Conjurer)           Turns: 3319, Time: 00:31:29

Health: -7/21      AC:  2    Str:  1 (4)  XL:     4   Next: 38%
Magic:  10/10      EV: 18    Int: 14 (17) God:
Gold:   124        SH:  0    Dex: 13 (16) Spells: 3/9 levels left

rFire    + . .     SeeInvis +   k - +3 dagger (venom)
rCold    . . .     Gourm    .   (shield restricted)
rNeg     . . .     Faith    .   a - +0 robe
rPois    .         Spirit   .   (helmet restricted)
rElec    .         Reflect  .   (no cloak)
rCorr    .         Harm     .   (gloves unavailable)
MR       .....                  (boots unavailable)
Stlth    ++........             (no amulet)
Regen    0.1/turn               n - ring of protection from fire
MPRegen  0.2/turn               (no ring)

@: very quick
A: unfitting armour, see invisible, herbivore 3, speed 3, slow metabolism 2
a: no special abilities


You were on level 2 of the Dungeon.
You were not hungry.

You visited 1 branch of the dungeon, and saw 4 of its levels.

You collected 124 gold pieces.

Inventory:

Hand Weapons
 g - a +2 spear of venom
 i - a +0 short sword
 k - a +3 dagger of venom (weapon)
Armour
 a - a +0 robe (worn)
Jewellery
 n - a ring of protection from fire (left hand)
Books
 b - a book of Conjurations

   Spells                             Type                      Level
   a - Magic Dart                     Conjuration                  1
   b - Searing Ray                    Conjuration                  2
   c - Dazzling Spray                 Conjuration/Hexes            3
   d - Fulminant Prism                Conjuration/Hexes            4
   e - Force Lance                    Conjuration/Translocation    4
   f - Iskenderun's Mystic Blast      Conjuration                  4
Comestibles
 c - 2 bread rations


   Skills:
 * Level 3.7 Dodging
 + Level 3.3 Stealth
 + Level 3.4 Spellcasting
 * Level 3.9 Conjurations


You had 3 spell levels left.
You knew the following spells:

 Your Spells              Type           Power        Failure   Level  Hunger
a - Magic Dart            Conj           ##..         4%          1    #......
b - Searing Ray           Conj           ##....       6%          2    ##.....
c - Dazzling Spray        Conj/Hex       #.....       26%         3    ###....


Dungeon Overview and Level Annotations

Branches:
Dungeon (4/15)
 Temple: D:4-7

Altars:
The Shining One

Annotations:
D:2 Natasha


Innate Abilities, Weirdness & Mutations

You are very small and have problems with some larger weapons.
You are too small for most types of armour.
You have supernaturally acute eyesight. (SInv)
You are a herbivore.
You cover ground extremely quickly.
You need consume almost no food.


Message History

The magic dart hits Natasha.
Natasha is heavily wounded.
Natasha mumbles some strange words.
The white imp gestures at you. The puff of frost misses you.
The white imp puffs mist at you. The white imp gestures at you.
The puff of frost hits you!
Ouch! That really hurt!
* * * LOW HITPOINT WARNING * * *
The white imp gestures at you. The puff of frost misses you.
Natasha stares at you and mumbles some strange words.
You easily resist.
You see here a dagger.
You see here 21 stones.
Natasha stares at you and mumbles some strange words.
The magic dart hits you!
Ouch! That really hurt!
You die...

######.........#####...
#..............#.......
######..............#.#####.
#....'..............#.#.#.#.
#.####..............#....8..
######'#.<...#........)..#.##...8
.......).###.#.#<........#.#.8...
.........# #.#.#.........#h##..8.
.........###.#.#@#..#.#.##.#..#.#
.........>..............##.##.###
..........##.#.#.#..#.#..#.......
..........##........#.#..##......
..........#####.....#.#..##.....5
.....#'#..............#...#......
.....#.##....................h...
.....#.##.#####..(.##h#.#..######
..........># ##.#........)......


You could see Natasha.

Vanquished Creatures
  4 adders (D:2)
  4 worms
  A dart slug (D:1)
  2 leopard geckos
  An orc (D:3)
  A ball python (D:1)
  2 giant cockroaches
  5 hobgoblins
  3 jackals (D:1)
  A quokka (D:2)
  7 bats
  A frilled lizard (D:2)
  3 goblins (D:2)
  A kobold (D:2)
  8 rats
44 creatures vanquished.

Notes
Turn   | Place    | Note
-------+----------+-------------------------------------------
     0 | D:1      | GenChuck the Spriggan Conjurer began the quest for the Orb.
     0 | D:1      | Reached XP level 1. HP: 9/9 MP: 5/5
   280 | D:1      | Found a glowing golden altar of the Shining One.
   358 | D:1      | Reached XP level 2. HP: 13/13 MP: 3/6
  1224 | D:2      | Reached XP level 3. HP: 11/16 MP: 4/8
  2049 | D:2      | Reached XP level 4. HP: 21/21 MP: 6/9
  2145 | D:2      | Learned a level 2 spell: Searing Ray
  2149 | D:2      | Learned a level 3 spell: Dazzling Spray
  2240 | D:3      | Noticed Natasha
  3223 | D:2      | Learned a level 1 spell: Magic Dart
  3319 | D:2      | Killed from afar by Natasha

Skill      XL: |  1  2 |
---------------+-------+-----
Conjurations   | 3 |  3.9
Spellcasting   | 3 |  3.4
Dodging        | |  3.7
Stealth        | |  3.3

Action                   |  1- 3 |  4- 6 || total
-------------------------+-------+-------++-------
Melee: Spear             |    18 |       ||    18
 Cast: Magic Dart        |    88 |    45 ||   133
       Searing Ray       |       |     1 ||     1
  Use: Scroll            |     4 |     4 ||     8
       Potion            |       |     5 ||     5
Armor: Robe              |     9 |       ||     9
Dodge: Dodged            |    47 |     6 ||    53
